 Dungeon Sprint DCSS version 0.30.1-4-g462c640d31 (webtiles) character file.

Game seed: 8019186793781458190

11432 Heoruswealwe the Ninja (level 11, -3/58 HPs)
             Began as a Spriggan Artificer on Sept 15, 2023.
             Was an Initiate of Gozag.
             Slain by a hog (10 damage)
             ... in the Dungeon (Sprint I: "Red Sonja").
             The game lasted 00:29:27 (1921 turns).

Heoruswealwe the Ninja (Spriggan Artificer)         Turns: 1921, Time: 00:29:28

Health: -3/58      AC: 13    Str:  8    XL:     11   Next: 49%
Magic:  12/12      EV: 13    Int: 14    God:    Gozag
Gold:   558        SH:  0    Dex: 19    Spells: 10/10 levels left

rFire   . . .        a - +1 rapier (spect)
rCold   . . .        (no shield)
rNeg    . . .        c - +0 shadow dragon scales
rPois   .            e - +1 hat
rElec   .            f - +0 cloak {Stlth+}
rCorr   .            (gloves unavailable)
SInv    +            (boots unavailable)
Will    +....        (no amulet) Stlth *********+
                     i - ring of Shadows {Umbra +Inv Stlth+}
HPRegen 0.29/turn    (no ring)
MPRegen 0.13/turn

%: no teleportation
@: wreathed by umbra, very quick
A: very small, no large weapons, unfitting armour, see invisible, speed 3
a: Renounce Religion, Evoke Invisibility, Potion Petition, Call Merchant, Bribe
Branch


You were in the Dungeon.
You worshipped Gozag.
Gozag was pleased with you.
You visited 1 branch You collected 3940 gold pieces.
You spent 3346 gold pieces at shops.
You donated 36 gold pieces to Zin.

Inventory:

Hand Weapons
 a - a +1 spectral rapier (weapon)
Armour
 c - +0 shadow dragon scales (worn)
 e - a +1 hat (worn)
 f - a +0 cloak of stealth (worn)
 m - a +1 robe of willpower
Jewellery
 i - the ring of Shadows (left hand) {Umbra +Inv Stlth+}
   (You bought it in a shop in the Dungeon)

   [ring of stealth]

   Umbra:     It surrounds you with an aura of shadow, increasing your stealth
   and reducing the accuracy of all others within it.
   +Inv:      It lets you turn invisible.
   Stlth:     It makes you more stealthy.
Wands
 b - a wand of flame (1) (quivered)
 d - a wand of charming (13)
 h - a wand of digging (4)
 n - a wand of iceblast (1)
Scrolls
 j - 4 scrolls of identify
 k - a scroll of silence
 o - a scroll of blinking
Potions
 l - 2 potions of curing


   Skills:
 - Level 6.5 Fighting
 + Level 16.7 Short Blades
 - Level 20.9 Dodging
 O Level 27 Stealth
 - Level 4.0 Evocations


You had 10 spell levels left.
You didn't know any spells.
Your spell library was empty.

Dungeon Overview and Level Annotations

Branches:
Dungeon (1/1)

Altars:
Cheibriados
Dithmenos
Elyvilon
Fedhas
Gozag
Hepliaklqana
Kikubaaqudgha
Makhleb
Nemelex Xobeh
Okawaru
Qazlal
Ru
Sif Muna
Trog
Uskayaw
Vehumet
Wu Jian
Xom
Yredelemnul
Zin
The Shining One
Jiyva
Lugonu

Shops:
D [:[[(?((*=:([=(!([[(


Innate Abilities, Weirdness & Mutations

You are very small and have problems with some larger weapons.
You are too small for most types of armour.
You have supernaturally acute eyesight. (SInv)
You cover ground extremely quickly. (Speed+++)


Message History

You hit the hog but do no damage.
The hog is almost dead.
The hog bites you.
You puncture the hog!
You kill the hog!
Unknown command.
You swing at nothing.
You swing at nothing.
You swing at nothing.
You swing at nothing.
You swing at nothing.
The hog is no longer distracted by gold.
You closely miss the hog. The hog bites you!
* * * LOW HITPOINT WARNING * * *
You closely miss the hog. You hit the hog.
The hog is lightly wounded.
The hog closely misses you.
You puncture the hog!
The hog is heavily wounded.
The hog bites you but does no damage.
You barely miss the hog.
The hog is heavily wounded.
You hit the hog.
The hog is heavily wounded.
The hog bites you but does no damage.
You closely miss the hog.
The hog is heavily wounded.
The hog bites you.
* * * LOW HITPOINT WARNING * * *
You puncture the hog!
The hog is almost dead.
You hit the hog.
The hog is almost dead.
The hog bites you but does no damage.
You completely miss the hog.
The hog is almost dead.
The hog bites you!
You die...
Your body crumbles into a pile of gold.

#########################********
__#..'..)#).#§§§@h§.....+,$*,,+$$
..'..#...##'#§####§§§.§#*$,+,,*$$
__####)..'§.#.#$*##.§§##*****+*$$
###§.#####..'§#+*$*##+#,,,**,,*$$
§~§§§#§.##+####,,$*,*,**$$$*,,**$
§§~..'..#,,,,,*,,$***,,***$*,,~**
~~~§)#§§#,,,,,+,,$$$**,*,*$*,,~,,
#+#####'###,,,*,,,,,*,,***$*,,~,*
).[.###.'.#,,,***++**,**,,$*,,~**


You could see a hog.

Vanquished Creatures
  2 centaur warriors (D)
  Sonja (D)
  A deep troll (D)
  A lindwurm (D)
  An oklob plant (D)
  8 shining eyes (D)
  A demonic crawler (D)
  2 unseen horrors (D)
  2 kobold demonologists (D)
  A hornet (D)
  A slime creature (D)
  Sigmund (D)
  12 hogs (D)
  A yak (D)
  2 redbacks (D)
  6 floating eyes (D)
  An ogre (D)
  7 necrophages (D)
  8 jellies (D)
  Ijyb (D)
60 creatures vanquished.

Vanquished Creatures (others)
  2 ballistomycete spores (D)
2 creatures vanquished.

Grand Total: 62 creatures vanquished

Notes
Turn   | Place    | Note
-------+----------+-------------------------------------------
     0 | D        | Heoruswealwe the Spriggan Artificer began the quest for the
                  | Orb.
     0 | D        | Reached XP level 1. HP: 9/9 MP: 2/2
     1 | D        | Noticed Ijyb
     8 | D        | Killed Ijyb
     9 | D        | Reached skill level 8 in Stealth
     9 | D        | Reached XP level 2. HP: 14/14 MP: 3/3
    39 | D        | Noticed an ogre
    42 | D        | Killed an ogre
    43 | D        | Reached skill level 13 in Stealth
    43 | D        | Reached XP level 3. HP: 17/17 MP: 4/4
    43 | D        | Reached XP level 4. HP: 21/21 MP: 5/5
    51 | D        | Noticed Sigmund
    54 | D        | Killed Sigmund
    55 | D        | Reached skill level 18 in Stealth
    55 | D        | Reached XP level 5. HP: 25/25 MP: 6/6
    66 | D        | Found an ornate altar of the Wu Jian Council.
    66 | D        | Found a shimmering blue altar of Sif Muna.
    68 | D        | Found a radiant altar of Vehumet.
    86 | D        | Reached XP level 6. HP: 29/29 MP: 7/7
   118 | D        | Found Upuot's Armour Emporium.
   118 | D        | Found an ancient bone altar of Kikubaaqudgha.
   118 | D        | Found a hazy altar of Hepliaklqana.
   118 | D        | Found a stormy altar of Qazlal.
   118 | D        | Found a hide-covered altar of Uskayaw.
   118 | D        | Found a blossoming altar of Fedhas.
   118 | D        | Found a bloodstained altar of Trog.
   118 | D        | Found an iron altar of Okawaru.
   118 | D        | Found a basalt altar of Yredelemnul.
   118 | D        | Found a glowing golden altar of the Shining One.
   118 | D        | Found a snail-covered altar of Cheibriados.
   118 | D        | Found a sacrificial altar of Ru.
   118 | D        | Found a glowing silver altar of Zin.
   118 | D        | Found a shadowy altar of Dithmenos.
   118 | D        | Found a white marble altar of Elyvilon.
   118 | D        | Noticed a yak
   119 | D        | Found an opulent altar of Gozag.
   120 | D        | Killed a yak
   121 | D        | Reached skill level 21 in Stealth
   121 | D        | Found a sparkling altar of Nemelex Xobeh.
   126 | D        | Became a worshipper of Zin the Law-Giver
   126 | D        | Reached * piety under Zin
   126 | D        | Reached ** piety under Zin
   126 | D        | Reached *** piety under Zin
   126 | D        | Reached **** piety under Zin
   126 | D        | Reached ***** piety under Zin
   126 | D        | Reached ****** piety under Zin
   135 | D        | Noticed Sonja
   139 | D        | Killed Sonja
   140 | D        | Reached skill level 25 in Stealth
   140 | D        | Reached XP level 7. HP: 32/32 MP: 8/8
   154 | D        | Found Uheffaba's Armour Boutique.
   165 | D        | Noticed a shining eye
   165 | D        | Noticed a shining eye
   165 | D        | Noticed a shining eye
   165 | D        | Noticed a shining eye
   165 | D        | Noticed a shining eye
   165 | D        | Noticed a shining eye
   168 | D        | Reached skill level 1 in Fighting
   168 | D        | Reached skill level 1 in Short Blades
   168 | D        | Reached XP level 8. HP: 37/37 MP: 9/9
   168 | D        | Noticed a shining eye
   168 | D        | Noticed a shining eye
   172 | D        | Killed a shining eye
   176 | D        | Killed a shining eye
   177 | D        | Reached skill level 5 in Short Blades
   179 | D        | Reached skill level 26 in Stealth
   179 | D        | Reached XP level 9. HP: 46/46 MP: 10/10
   183 | D        | Killed a shining eye
   184 | D        | Reached skill level 5 in Fighting
   184 | D        | Killed a shining eye
   188 | D        | Paralysed by a floating eye for 3 turns
   264 | D        | Killed a shining eye
   265 | D        | Reached skill level 10 in Dodging
   342 | D        | Killed a shining eye
   343 | D        | Reached skill level 27 in Stealth
   412 | D        | Killed a shining eye
   413 | D        | Reached XP level 10. HP: 53/53 MP: 11/11
   490 | D        | Killed a shining eye
   515 | D        | Fell from the grace of Zin
   515 | D        | Became a worshipper of Gozag Ym Sagoz the Greedy
   523 | D        | Noticed a deep troll
   527 | D        | Killed a deep troll
   528 | D        | Reached skill level 15 in Dodging
   538 | D        | Found Viusass's Armour Emporium.
   553 | D        | Identified the +0 leather armour of Pride {Rampage *Slow
                  | rPois rF+}
   610 | D        | Bought +0 shadow dragon scales for 880 gold pieces
   651 | D        | Found Kamp's Antique Armour Shop.
   651 | D        | Found Iwobryal's Magic Scroll Emporium.
   651 | D        | Found Hits's Antique Weapon Boutique.
   652 | D        | Found Docsehet's Book Shoppe.
   689 | D        | Noticed a centaur warrior
   691 | D        | Noticed a centaur warrior
   693 | D        | Killed a centaur warrior
   695 | D        | Killed a centaur warrior
   731 | D        | Noticed an oklob plant
   733 | D        | Killed an oklob plant
   926 | D        | Reached XP level 11. HP: 58/58 MP: 12/12
  1068 | D        | Bought a manual of Short Blades for 960 gold pieces
  1098 | D        | Found Maiqas's Weapon Boutique.
  1098 | D        | Found Oczim's Weapon Emporium.
  1098 | D        | Found Nuwnirre's Antique Armour Emporium.
  1100 | D        | Found Conoeffu's Distillery.
  1100 | D        | Found Kene's Antique Weapon Shoppe.
  1100 | D        | Found Kyuntil's Jewellery Shop.
  1100 | D        | Found Ejux Ketz's Armour Emporium.
  1100 | D        | Found Omurhy's Weapon Boutique.
  1100 | D        | Found Utoapun's Book Shoppe.
  1100 | D        | Found Kuufumni's Jewellery Shop.
  1102 | D        | Bought a +0 rapier for 44 gold pieces
  1104 | D        | Found Kipn's General Store.
  1105 | D        | Found Wiunepse's Antique Weapon Boutique.
  1105 | D        | Found Cynonk's Weapon Shoppe.
  1106 | D        | Found Kiocops's Magic Scroll Shop.
  1107 | D        | Bought the ring of Shadows {Umbra +Inv Stlth+} for 480 gold
                  | pieces
  1107 | D        | Found the ring of Shadows {Umbra +Inv Stlth+}
  1135 | D        | Bought a scroll of brand weapon for 114 gold pieces
  1170 | D        | Bought a scroll of identify for 22 gold pieces
  1170 | D        | Bought a scroll of identify for 22 gold pieces
  1170 | D        | Bought a scroll of identify for 22 gold pieces
  1170 | D        | Bought a scroll of identify for 22 gold pieces
  1170 | D        | Bought a scroll of identify for 22 gold pieces
  1188 | D        | Bought a scroll of silence for 104 gold pieces
  1188 | D        | Bought a scroll of poison for 44 gold pieces
  1188 | D        | Bought a scroll of immolation for 44 gold pieces
  1188 | D        | Bought a scroll of amnesia for 44 gold pieces
  1188 | D        | Bought a scroll of fear for 44 gold pieces
  1188 | D        | Bought a scroll of magic mapping for 82 gold pieces
  1243 | D        | Bought a +0 cloak of stealth for 115 gold pieces
  1243 | D        | Bought a +1 robe of willpower for 127 gold pieces
  1269 | D        | Found a burning altar of Makhleb.
  1269 | D        | Found a viscous altar of Jiyva.
  1269 | D        | Found a shimmering altar of Xom.
  1269 | D        | Found a corrupted altar of Lugonu.
  1301 | D        | Bought a +1 hat for 154 gold pieces
  1328 | D        | Reached skill level 10 in Short Blades
  1802 | D        | Noticed a lindwurm
  1804 | D        | Killed a lindwurm
  1815 | D        | Reached skill level 15 in Short Blades
  1921 | D        | Slain by a hog

Illustrated notes

Levels and vault maps discovered:
D:        dungeon_sprint_1 [red_sonja_temple_1, red_sonja_temple_small_1]

Skill      XL: |  1  2  3  4  5  6  7  8  9 10 11 |
---------------+----------------------------------+-----
Stealth        | 8 13 18 25 26 27 | 27.0
Fighting       | 1 4 6 |  6.5
Short Blades   | 1 5 8 16 | 16.7
Dodging        | 7 12 20 | 20.9
Evocations     | |  4.0

Action                     |  1- 3 |  4- 6 |  7- 9 | 10-12 || total
---------------------------+-------+-------+-------+-------++-------
  Melee: Club              |     4 |       |       |       ||     4
         Dagger            |     1 |     4 |   210 |   116 ||   331
         Punch             |       |       |     9 |     8 ||    17
         Rapier            |       |       |       |   117 ||   117
  Evoke: Wand              |     1 |     2 |       |    23 ||    26
    Use: Potion            |     2 |       |       |     2 ||     4
         Scroll            |       |       |       |     6 ||     6
   Stab: Sleeping          |     1 |     3 |     7 |    27 ||    38
         Distracted        |       |       |       |     2 ||     2
 Armour: Shadow dragon sca |       |       |       |    45 ||    45
  Dodge: Dodged            |     1 |     1 |       |    69 ||    71
